AoeStats
← 3ykonn

Arena

507448183Analyzed
3v3 RM · 14d ago on Sep 18, 2026· 55m 29s· 6 players
Game mode
Random Map
Map size
Normal (6 player)
Population
200
Speed
Normal
Resources
Standard
Victory
Conquest
Starting age
Dark Age
Ending age
Imperial Age
RankedLock teamsTeams togetherTeam positionsShared explorationLock speedFull tech treeHidden civsTurbo modeCheats
Victory
Defeat
🇬🇧 Franks · United Kingdom
971
+15
🇨🇳 Spanish · China
891
+19
🇦🇺 Huns · Australia
886
+19
🇩🇪 Saracens · Germany
1026
-21
🇩🇪 Celts · Germany
931
-17
🇩🇪 Ethiopians · Germany
895
-15
hello_nyle
8:28 Loom
10:48 Feudal Age
11:43 Double-Bit Axe
14:36 Fletching
19:59 Horse Collar
24:56 Castle Age
24:35 Gold Mining
25:38 Crossbowman
27:08 Bow Saw
27:14 Bodkin Arrow
29:38 Padded Archer Armor
30:11 Scale Barding Armor
30:31 Stone Mining
35:17 Leather Archer Armor
39:00 Ballistics
39:03 Forging
42:47 Imperial Age
42:09 Gold Shaft Mining
42:49 Thumb Ring
43:35 Iron Casting
43:05 Arbalester
44:41 Bracer
45:34 Bloodlines
46:23 Ring Archer Armor
48:44 Heavy Camel Rider
49:26 Husbandry
50:21 Wheelbarrow
49:58 Heavy Plow
52:02 Chain Barding Armor
3ykonn
12:08 Feudal Age
12:33 Horse Collar
12:42 Double-Bit Axe
15:48 Gold Mining
15:52 Stone Mining
21:42 Castle Age
22:43 Wheelbarrow
21:57 Town Watch
22:28 Pikeman
25:38 Stronghold
30:30 Imperial Age
30:44 Forging
31:10 Heavy Plow
31:23 Bow Saw
33:39 Halberdier
35:31 Hand Cart
35:55 Gold Shaft Mining
37:55 Stone Shaft Mining
39:07 Elite Woad Raider
41:37 Town Patrol
43:31 Loom
44:24 Conscription
44:20 Scale Mail Armor
44:56 Iron Casting
44:47 Conscription
44:54 Conscription
44:10 Sappers
45:06 Conscription
55:11 Chain Mail Armor
computerj
7:41 Loom
10:17 Feudal Age
11:29 Double-Bit Axe
20:57 Castle Age
20:41 Forging
20:34 Padded Archer Armor
20:25 Fletching
20:23 Horse Collar
21:40 Wheelbarrow
22:01 Bow Saw
21:54 Heavy Plow
24:54 Thumb Ring
24:14 Crossbowman
26:55 Iron Casting
26:23 Scale Mail Armor
27:31 Bodkin Arrow
31:38 Hand Cart
Donelson
12:38 Feudal Age
16:37 Castle Age
15:26 Double-Bit Axe
17:41 Husbandry
25:11 Scale Barding Armor
26:47 Town Watch
29:58 Chain Barding Armor
31:26 Fletching
33:56 Padded Archer Armor
34:51 Ballistics
34:28 Murder Holes
34:30 Bodkin Arrow
39:10 #83
40:06 Leather Archer Armor
40:02 Forging
42:02 Wheelbarrow
41:55 Light Cavalry
45:12 Iron Casting
48:57 Imperial Age
48:55 Hand Cart
49:25 Bow Saw
50:04 Conscription
54:13 Elite Throwing Axeman
daehtihs.
10:04 Feudal Age
11:42 Wheelbarrow
10:54 Double-Bit Axe
10:56 Horse Collar
19:16 Castle Age
17:30 Man-at-Arms
19:20 Long Swordsman
24:09 Hand Cart
24:26 Stone Mining
26:49 Bow Saw
30:29 Scale Barding Armor
30:27 Heavy Plow
30:58 Fletching
32:03 Forging
34:25 Marauders
35:40 Husbandry
35:52 Bloodlines
38:44 Chain Barding Armor
46:59 Imperial Age
45:51 Gold Mining
50:27 Conscription
50:29 Elite Tarkan
53:02 Plate Barding Armor
55:27 Gold Shaft Mining
Saeed
2:06 Loom
9:31 Feudal Age
10:54 Wheelbarrow
10:06 Double-Bit Axe
15:57 Castle Age
14:32 Horse Collar
15:41 Stone Mining
20:11 Heavy Plow
22:16 Town Watch
24:04 Fletching
28:30 Bodkin Arrow
28:36 Scale Mail Armor
29:45 Man-at-Arms
32:06 Padded Archer Armor
32:48 Long Swordsman
33:13 Gambesons
33:54 Hand Cart
34:40 Arson
34:56 Squires
38:20 Imperial Age
37:30 Pikeman
39:14 Gold Mining
39:29 Husbandry
39:40 Bloodlines
39:18 Two-Handed Swordsman
40:09 Cavalier
41:53 Conscription
42:09 Hoardings
41:54 Bracer
42:09 Leather Archer Armor
42:10 Forging
42:09 Champion
43:37 Chain Mail Armor
44:33 Capped Ram
46:38 Elite Conquistador
48:06 Leather Archer Armor
48:27 Iron Casting
50:53 Chemistry
50:14 Ballistics
53:29 Blast Furnace
52:35 Scale Barding Armor
52:21 Light Cavalry
56:20 Chain Barding Armor
Connection lost

Rejoining the realm…

Still unreachable

The connection could not be restored.

Session expired

The server has moved on; the page needs a fresh start.